 Dungeon Crawl Stone Soup version 0.27-a0-1319-geec4fb4e21 (webtiles) character file.

Game seed: 4869257546124675100

148 Anon1729 the Magician (level 5, 0/35 HPs)
             Began as a Mummy Air Elementalist on June 21, 2021.
             Slain by a bullfrog zombie (2 damage)
             ... while paralysed by Grinder
             ... on level 4 of the Dungeon.
             The game lasted 00:10:41 (3892 turns).

Anon1729 the Magician (Mummy Air Elementalist)      Turns: 3892, Time: 00:10:42

Health: 0/35       AC:  2    Str: 11    XL:     5   Next: 8%
Magic:  6/10       EV:  2    Int: 21    God:
Gold:   178        SH:  0    Dex: 13    Spells: 1/11 levels left

rFire    x . .     SeeInvis .   b - +1 dagger (venom)
rCold    + . .     Faith    .   (no shield)
rNeg     + + +     Spirit   .   a - +0 robe
rPois    ∞         Reflect  .   (no helmet)
rElec    .         Harm     .   (no cloak)
rCorr    .         Rampage  .   (no gloves)
Will     .....                  (no boots)
Stlth    ++........             d - amulet of magic regeneration
HPRegen  0.11/turn              l - +6 ring of intelligence
MPRegen  0.37/turn              (no ring)

@: paralysed
A: cold resistance 1, negative energy resistance 3, torment resistance 2, heat
vulnerability 1, no potions
a: no special abilities


You were on level 4 of the Dungeon.
You visited 1 branch of the dungeon, and saw 4 of its levels.

You collected 178 gold pieces.

Inventory:

Hand Weapons
 b - a +1 dagger of venom (weapon)
Armour
 a - a +0 robe (worn)
 e - +0 pearl dragon scales
Jewellery
 d - an amulet of magic regeneration (around neck)
 l - a +6 ring of intelligence (left hand)
Wands
 m - a wand of charming (1)
 n - a wand of digging (5)
Scrolls
 c - a scroll of holy word {unknown}
 f - a scroll of teleportation {unknown}
 g - 4 scrolls of identify {unknown}
 h - 2 scrolls of enchant armour {unknown}
 i - a scroll of amnesia {unknown}
 j - 3 scrolls of silence {unknown}
 k - a scroll of noise {unknown}


   Skills:
 + Level 2.4 Dodging
 - Level 2.3 Stealth
 + Level 3.8 Spellcasting
 + Level 1.9 Conjurations
 + Level 3.0 Air Magic


You had one spell level left.
You knew the following spells:

 Your Spells              Type           Power      Damage    Failure   Level
a - Shock                 Conj/Air       56%        1d6       4%          1
b - Static Discharge      Conj/Air       14%        N/A       7%          2
c - Swiftness             Air            16%        N/A       11%         3
d - Airstrike             Air            8%         N/A       34%         4

Your spell library contained the following spells:

 Spells                   Type           Power      Damage    Failure   Level
 Lightning Bolt           Conj/Air       7%         1d19      77%         5


Dungeon Overview and Level Annotations

Branches:
Dungeon (4/15)
 Temple: D:4-7

Altars:
Dithmenos
Elyvilon
Fedhas
Wu Jian
The Shining One

Shops:
D:2 *(*[(

Annotations:
D:4 Grinder


Innate Abilities, Weirdness & Mutations

You are immune to poison.
Your flesh is cold resistant. (rC+)
You are immune to negative energy. (rN+++)
You are immune to unholy pain and torment.
You are vulnerable to heat. (rF-)
You do not drink.


Message History

Edmund is almost dead.
Edmund closely misses you.
Okay, then.
Casting: Shock (safe; 4% risk of failure)
Confirm with . or Enter, or press ? or * to list all spells.
The spell is extremely dangerous to cast (34% risk of failure)!
Continue anyway?
Aiming: Airstrike (extremely dangerous; 34% risk of failure)
Press: ? - help, Dir - move target, f/p - Edmund
Aim: Edmund, wielding a +5 flail of draining and wearing a +0 chain mail (almost dead)
You miscast Airstrike.
You are very lightly contaminated with residual magic.
You are caught in an explosion of electrical discharges!
The bullfrog zombie barely misses you. The bullfrog zombie hits you.
* * * LOW HITPOINT WARNING * * *
Edmund clears his throat.
The bullfrog zombie hits you but does no damage.
Casting: Airstrike (extremely dangerous; 34% risk of failure)
Confirm with . or Enter, or press ? or * to list all spells.
The bullfrog zombie is struck by an arc of lightning.
The bullfrog zombie is moderately damaged.
You are struck by an arc of lightning.
* * * LOW HITPOINT WARNING * * *
The lightning grounds out.
The bullfrog zombie hits you.
* * * LOW HITPOINT WARNING * * *
The bullfrog zombie barely misses you.
Edmund falls through a shaft!
The shaft crumbles and collapses.
Your magical contamination has completely faded away.
The bullfrog zombie closely misses you.
Grinder shouts!
The bullfrog zombie hits you.
* * * LOW HITPOINT WARNING * * *
There is a stone staircase leading up here.
The bullfrog zombie barely misses you. Grinder gestures at you.
You suddenly lose the ability to move!
The bullfrog zombie hits you.
* * * LOW HITPOINT WARNING * * *
The bullfrog zombie hits you.
You die...

##...#....... #........... #
#.......... .#. .........##...
######## ######............
#.##...# #...#.............
###......# ##.............##..
#........###.............#....
##........#..@#..#.....#......
#..........Z5#..#.....##..)#.
#....##...........#...##..#..
###..#................##..#.. #
#.......................... #
###.......#................). ##
##......##)........<..........
.###............#......!.........
......#........#.............#...


You could see Grinder and a bullfrog zombie.

Vanquished Creatures
  An orc priest (D:4)
  Ijyb (D:4)
  An adder (D:2)
  An adder skeleton (D:4)
  A worm (D:2)
  4 dart slugs
  An orc (D:3)
  7 endoplasms
  5 giant cockroaches
  6 goblins
  4 hobgoblins
  7 jackals
  A quokka (D:1)
  9 ball pythons
  9 bats
  3 frilled lizards (D:2)
  7 kobolds
  7 rats
75 creatures vanquished.

Vanquished Creatures (collateral kills)
  A jelly (D:4)
  An adder (D:4)
  2 orcs (D:4)
4 creatures vanquished.

Vanquished Creatures (others)
  A hound (D:4)
1 creature vanquished.

Grand Total: 80 creatures vanquished

Notes
Turn   | Place    | Note
-------+----------+-------------------------------------------
     0 | D:1      | Anon1729 the Mummy Air Elementalist began the quest for the
                  | Orb.
     0 | D:1      | Reached XP level 1. HP: 13/13 MP: 4/4
   367 | D:1      | Reached skill level 1 in Conjurations
   367 | D:1      | Reached XP level 2. HP: 8/19 MP: 5/5
  1109 | D:1      | Reached XP level 3. HP: 24/24 MP: 2/7
  1158 | D:1      | Found a faded altar of an unknown god.
  1694 | D:2      | Found an ornate altar of the Wu Jian Council.
  1789 | D:2      | Found Irchair's Antique Weapon Shop.
  1913 | D:2      | Found Tudugu's Armour Boutique.
  1922 | D:2      | Found Hogyor's Assorted Antiques.
  2178 | D:2      | Reached XP level 4. HP: 30/30 MP: 5/9
  2258 | D:2      | Found Uzetoc's General Store.
  2305 | D:2      | Found Nigareoc's Weapon Emporium.
  2775 | D:3      | Learned a level 2 spell: Static Discharge
  2779 | D:3      | Learned a level 3 spell: Swiftness
  2977 | D:3      | Found a shadowy altar of Dithmenos.
  3131 | D:3      | Found a blossoming altar of Fedhas.
  3185 | D:4      | Noticed Grinder
  3210 | D:4      | Paralysed by Grinder for 4 turns
  3387 | D:4      | Noticed a scorpion
  3691 | D:4      | Noticed Ijyb
  3727 | D:4      | Killed Ijyb
  3728 | D:4      | Reached XP level 5. HP: 29/35 MP: 10/10
  3830 | D:4      | Learned a level 4 spell: Airstrike
  3846 | D:4      | Noticed Edmund
  3891 | D:4      | Paralysed by Grinder for 4 turns
  3892 | D:4      | Slain by a bullfrog zombie

Illustrated notes

Levels and vault maps discovered:
D:1:      elethiomel_arrival_shortcut, layout_basic,
          shapermc_ecumenical_altar_notcrosses, minmay_misc_feat_pillars,
          minmay_hedge_maze
D:2:      layout_basic, serial_shops, nicolae_lakefront_shop,
          nicolae_shop_crystal, nicolae_diamond_shop, nicolae_shop_crystal,
          shop, basic_altar, grunt_ministairs_13, minmay_crystal_room,
          amcnicky_mini_corridor_feature
D:3:      layout_rooms, tso_metal_star, nicolae_overflow_hidden_temple,
          grunt_dithmenos_smoke_and_mirrors, minmay_pentangle
D:4:      layout_cave_pools, kennysheep_okawaru_gauntlet, elyvilon_altar_4,
          uniq_crazy_yiuf_cottage, uniq_edmund, uniq_ijyb, uniq_grinder

Skill      XL: |  1  2  3  4 |
---------------+-------------+-----
Conjurations   | 1 |  1.9
Spellcasting   | 3 |  3.8
Stealth        | 2 |  2.3
Dodging        | 2 |  2.4
Air Magic      | 3 |  3.0

Action                   |  1- 3 |  4- 6 || total
-------------------------+-------+-------++-------
Melee: Dagger            |    19 |     8 ||    27
 Cast: Shock             |    92 |    55 ||   147
       Swiftness         |       |     1 ||     1
       Airstrike         |       |     3 ||     3
       Static Discharge  |       |     1 ||     1
Evoke: Wand              |       |     5 ||     5
Armor: Robe              |     7 |     5 ||    12
Dodge: Dodged            |    36 |    21 ||    57

Table legend: (Time is in decaauts)
 A = Elapsed time spent in this place.
 B = Non-inter-level travel time spent in this place.
 C = Inter-level travel time spent in this place.
 D = Time resting spent in this place.
 E = Time spent auto-exploring this place.
 F = Levels seen in this place.
 G = Mean time per level.
                   A        B        C        D        E       F      G
               +--------+--------+--------+--------+--------+-----+--------+
         Total |   3891 |   3802 |     89 |    526 |   2594 |   4 |  972.8 |
       Dungeon |   3891 |   3802 |     89 |    526 |   2594 |   4 |  972.8 |
               +--------+--------+--------+--------+--------+-----+--------+

Top non-repeatable levels by time:
     D:1: 1578 daAuts
     D:3: 1142 daAuts
     D:2: 808 daAuts
     D:4: 363 daAuts
